 Dungeon Crawl Stone Soup version 0.29.1-15-g9cfb28693d (webtiles) character file.

Game seed: 17940780848670825480

48 Barneous the Charlatan (level 3, 0/26 HPs)
             Began as a Demonspawn Wanderer on Mar 6, 2023.
             Slain by a gnoll
             ... wielding a +0 club
              (4 damage)
             ... on level 2 of the Dungeon.
             The game lasted 00:08:27 (2177 turns).

Barneous the Charlatan (Demonspawn Wanderer)        Turns: 2177, Time: 00:08:29

Health: 0/26       AC:  8    Str: 15    XL:     3   Next: 50%
Magic:  4/5        EV: 10    Int: 15    God:
Gold:   107        SH:  0    Dex:  9    Spells: 2/4 levels left

rFire   . . .      SeeInvis .   g - +0 rapier
rCold   . . .      Faith    .   (no shield)
rNeg    . . .      Spirit   .   b - +1 ring mail
rPois   .          Reflect  .   (no helmet)
rElec   .          Harm     .   f - +1 cloak
rCorr   .          Rampage  .   (no gloves)
Will    .....                   (no boots)
Stlth   +.........              (no amulet)
HPRegen 0.08/turn               (no ring)
MPRegen 0.09/turn               (no ring)

@: no status effects
A: powered by pain 1
a: no special abilities


You were on level 2 of the Dungeon.
You visited 1 branch of the dungeon, and saw 2 of its levels.

You collected 107 gold pieces.

Inventory:

Hand Weapons
 g - a +0 rapier (weapon)
Armour
 b - a +1 ring mail (worn)
 f - a +1 cloak (worn)
Scrolls
 c - 2 scrolls of teleportation
 e - a scroll of fear
 h - a scroll of identify
Potions
 a - a potion of curing
Miscellaneous
 d - a phantom mirror


   Skills:
 + Level 1.4 Fighting
 + Level 2.9 Armour
 + Level 0.8 Dodging
 + Level 0.8 Stealth
 + Level 1.4 Spellcasting
 + Level 1.6 Summonings
 + Level 4.1 Evocations


You had 2 spell levels left.
You knew the following spells:

 Your Spells              Type           Power      Damage    Failure   Level
a - Summon Small Mammal   Summ           20%        N/A       24%         1
b - Freeze                Ice            4%         1d3       41%         1

Your spell library contained the following spells:

 Spells                   Type           Power      Damage    Failure   Level
 Summon Guardian Golem    Hex/Summ       3%         N/A       69%         3
 Frozen Ramparts          Ice            2%         1d1       80%         3
 Ignite Poison            Fire/Tmut/Pois 1%         N/A       80%         3
 Mephitic Cloud           Conj/Pois/Air  1%         N/A       80%         3
 Hailstorm                Conj/Ice       1%         3d3       99%         4
 Freezing Cloud           Conj/Ice/Air   0%         6-21      100%        5


Dungeon Overview and Level Annotations

Branches:
Dungeon (2/15)

Altars:


Innate Abilities, Weirdness & Mutations

You sometimes gain a little power by taking damage.


Message History

Aim: a gnoll, wielding a +0 whip (moderately wounded)
Okay, then.
Casting: Freeze (safe; 41% risk of failure)
Confirm with . or Enter, or press ? or * to list all spells.
Aiming: Freeze (safe; 41% risk of failure)
Press: ? - help, Shift-Dir - straight line, f - gnoll
Aim: a gnoll, wielding a +0 whip (moderately wounded)
You freeze the gnoll.
The gnoll is heavily wounded.
The gnoll hits you with a +0 whip.
* * * LOW HITPOINT WARNING * * *
You hit the gnoll.
The gnoll is severely wounded.
The gnoll barely misses you.
You hit the gnoll.
The gnoll is almost dead.
You hit the gnoll but do no damage. The gnoll hits you but does no damage.
You barely miss the gnoll. The gnoll hits you but does no damage.
You closely miss the gnoll. The gnoll barely misses you.
You hit the gnoll.
The gnoll is moderately wounded.
The gnoll barely misses you.
You hit the gnoll.
The gnoll is heavily wounded.
The gnoll closely misses you. The gnoll barely misses you.
You hit the gnoll.
The gnoll is severely wounded.
The gnoll hits you but does no damage.
You barely miss the gnoll.
The gnoll is severely wounded.
The gnoll barely misses you.
Casting: Freeze (safe; 41% risk of failure)
Confirm with . or Enter, or press ? or * to list all spells.
Aiming: Freeze (safe; 41% risk of failure)
Press: ? - help, Shift-Dir - straight line, f - gnoll, p - gnoll
Aim: a gnoll, wielding a +0 club (severely wounded)
You freeze the gnoll.
The gnoll is almost dead.
The gnoll hits you with a +0 club.
You die...

..#...........#
.###..........##
##.##.......# #..
#.......# #.
#.#.....#
#.#.....# .
#.#.....# [..
#.......####.....
#..###.gg@.......
... #.####......
.. ... .....
g..## .... .....
... .g.. .. ....
. ...


You could see 2 gnolls.

Vanquished Creatures
  A gnoll (D:2)
  2 bats
  3 endoplasms
  A giant cockroach (D:1)
  A goblin (D:1)
  3 hobgoblins (D:1)
  5 kobolds (D:1)
  3 quokkas (D:1)
  4 ball pythons
  3 rats
26 creatures vanquished.

Vanquished Creatures (collateral kills)
  An endoplasm (D:1)
  A hobgoblin (D:1)
  2 bats (D:1)
  A frilled lizard (D:1)
  3 rats
8 creatures vanquished.

Grand Total: 34 creatures vanquished

Notes
Turn   | Place    | Note
-------+----------+-------------------------------------------
     0 | D:1      | Barneous the Demonspawn Wanderer began the quest for the
                  | Orb.
     0 | D:1      | Barneous set off with the following items: a +0 club, a +0
                  | ring mail, a scroll of vulnerability, a phantom mirror; and
                  | the following spell memorised: Summon Small Mammal; and the
                  | following spells available to memorise: Summon Guardian
                  | Golem.
     0 | D:1      | Reached XP level 1. HP: 15/15 MP: 2/2
   506 | D:1      | Gained mutation: You sometimes gain a little power by
                  | taking damage. [demonic ancestry]
   506 | D:1      | Reached XP level 2. HP: 21/21 MP: 0/3
   550 | D:1      | Learned a level 1 spell: Freeze
  1430 | D:1      | Found a faded altar of an unknown god.
  1454 | D:1      | Reached XP level 3. HP: 26/26 MP: 4/4
  2177 | D:2      | Slain by a gnoll

Illustrated notes

Levels and vault maps discovered:
D:1:      amcnicky_arrival_blooded_trapdoor, layout_basic,
          shapermc_ecumenical_altar_pompeii, minmay_cupped
D:2:      layout_rooms

Action                   || total
-------------------------++-------
Melee: Club              ||   117
       Punch             ||     1
       Rapier            ||    23
 Cast: Summon Small Mamm ||    20
       Freeze            ||     5
  Use: Scroll            ||     5
       Potion            ||     4
Armor: Ring mail         ||    67
Dodge: Dodged            ||    96
